 Dungeon Crawl Stone Soup version 0.30-b1-2-g02819fbbbe (webtiles) character file.

Game seed: 1841885589609188370

9007 erloom the Martial Artist (level 11, -2/103 HPs)
             Began as a Green Draconian Transmuter on May 22, 2023.
             Was a Follower of Makhleb.
             Slain by a catoblepas (5 damage)
             ... while petrified by a catoblepas
             ... on level 2 of the Lair of Beasts.
             The game lasted 00:20:35 (10499 turns).

erloom the Martial Artist (DrTm)                   Turns: 10499, Time: 00:20:35

Health: -2/103     AC:  8    Str: 10 (13) XL:     11   Next: 17%
Magic:  0/19       EV:  1    Int: 14 (16) God:    Makhleb [*.....]
Gold:   590        SH:  0    Dex: 10 (13) Spells: 12/20 levels left

rFire   . .          .
                       - Unarmed
rCold   + + +        (shield currently unavailable)
rNeg    + + +        (body armour unavailable)
rPois   ∞            (helmet currently unavailable)
rElec   .            i - melded +0 cloak
rCorr   .            c - melded +0 pair of gloves
SInv    .            (boots currently unavailable)
Will    .....        a - amulet of guardian spirit
Stlth   +            q - ring of protection from fire
HPRegen 0.37/turn    (no ring)
MPRegen 0.16/turn

%: guardian spirit
@: mighty, ice-form, petrified, hasted
A: freezing attack, amphibious, boosted hp, (breathe noxious fumes), AC +7,
large, unfitting armour, (poison resistance), (cold-blooded)
a: End Transformation, Renounce Religion


You were on level 2 of the Lair of Beasts.
You worshipped Makhleb.
Makhleb was aware of your devotion.
You were a creature of crystalline ice.
You visited 3 branches of the dungeon, and saw 11 of its levels.

You collected 590 gold pieces.

Inventory:

Missiles
 m - 10 javelins
 E - a throwing net
Armour
 c - a +0 pair of gloves (melded)
 i - a +0 cloak (melded)
 v - a +0 buckler
Jewellery
 a - an amulet of guardian spirit (around neck)
 q - a ring of protection from fire (left front paw)
Wands
 o - a wand of polymorph (14)
 y - a wand of mindburst (6)
 D - a wand of charming (5)
 F - a wand of flame (15)
Scrolls
 e - 5 scrolls of poison {unknown}
 f - a scroll of amnesia {unknown}
 h - 14 scrolls of identify {unknown}
 j - a scroll of brand weapon {unknown}
 l - a scroll of fog {unknown}
 n - a scroll of acquirement {unknown}
 r - 2 scrolls of vulnerability {unknown}
 s - a scroll of blinking {unknown}
 w - a scroll of fear {unknown}
 C - a scroll of silence {unknown}
 G - a scroll of noise {unknown}
Potions
 b - 3 potions of heal wounds {unknown}
 d - 3 potions of degeneration
 g - 4 potions of might
 k - 3 potions of curing
 p - a potion of haste
 t - a potion of magic {unknown}
 u - a potion of berserk rage {unknown}
 x - 3 potions of attraction {unknown}
 z - a potion of mutation {unknown}
 A - a potion of resistance {unknown}
 B - a potion of flight {unknown}


   Skills:
 - Level 5.0 Fighting
 - Level 5.0 Dodging
 - Level 10.0 Unarmed Combat
 + Level 5.4 Spellcasting
 + Level 8.3 Transmutations
 + Level 4.6 Ice Magic
 - Level 4.0 Poison Magic
 + Level 4.8 Invocations
 - Level 4.0 Evocations


You had 12 spell levels left.
You knew the following spells:

 Your Spells              Type           Power      Damage    Failure   Level
a - Beastly Appendage     Tmut           54%        N/A       1%          1
b - Spider Form           Tmut/Pois      21%        N/A       4%          3
c - Ice Form              Ice/Tmut       22%        N/A       12%         4

Your spell library contained the following spells:

 Spells                   Type           Power      Damage    Failure   Level
 Wereblood                Tmut           27%        N/A       1%          2
 Ignite Poison            Fire/Tmut/Pois 15%        N/A       10%         3
 Poisonous Vapours        Pois/Air       18%        N/A       11%         2
 Cigotuvi's Dreadful Rot  Necr/Pois/Air  14%        N/A       14%         2
 Summon Small Mammal      Summ           12%        N/A       17%         1
 Mephitic Cloud           Conj/Pois/Air  7%         N/A       28%         3
 Call Canine Familiar     Summ           3%         N/A       45%         3
 Summon Guardian Golem    Hex/Summ       3%         N/A       45%         3
 Sticky Flame             Conj/Fire      3%         2d3       86%         4
 Freezing Cloud           Conj/Ice/Air   4%         6-21      94%         5
 Summon Forest            Summ/Tloc      1%         N/A       99%         5
 Summon Mana Viper        Hex/Summ       3%         N/A       99%         5
 Summon Cactus Giant      Summ           1%         N/A       100%        6
 Ignition                 Fire           1%         3d3       100%        8


Dungeon Overview and Level Annotations

Branches:
Dungeon (8/15)             Temple (1/1) D:7            Lair (2/5) D:8
  Swamp: Lair:2-3    Shoals: Lair:2-3     Snake: Lair:2-3    Spider: Lair:2-3

Altars:
Cheibriados
Dithmenos
Fedhas
Hepliaklqana
Makhleb
Nemelex Xobeh
Okawaru
Ru
Sif Muna
Uskayaw
Vehumet
Xom
Yredelemnul
Zin

Shops:
D:2 (


Innate Abilities, Weirdness & Mutations

You are a creature of crystalline ice.
You have a powerful freezing melee attack.
You are amphibious.
Your maximum health is increased.
Your armour is entirely melded.
You are incapable of wielding weapons or throwing items.
((You can breathe blasts of noxious fumes.))
((Your lurid green scales are hard. (AC +7)))
You cannot fit into any form of body armour.
((Your system is resistant to poisons. (rPois)))
((You are cold-blooded and may be slowed by cold attacks.))


Message History

The blast of calcifying dust hits you.
* * * LOW HITPOINT WARNING * * *
The cane toad attacks as you move away! The cane toad stings you.
* * * LOW HITPOINT WARNING * * *
You feel very sick.
The cane toad is engulfed in calcifying dust.
The cane toad is moving more slowly.
Okay, then.
Okay, then.
You feel yourself speed up.
You feel sick.
The cane toad is engulfed in calcifying dust.
The cane toad stops moving altogether!
The catoblepas breathes a plume of calcifying dust at you.
The blast of calcifying dust hits the cane toad.
The blast of calcifying dust hits you.
* * * LOW HITPOINT WARNING * * *
It was a potion of might.
You feel very mighty all of a sudden.
You are engulfed in calcifying dust.
You are slowing down.
The cane toad is engulfed in calcifying dust.
Unknown command.
Unknown command.
Unknown command.
Unknown command.
The cane toad is engulfed in calcifying dust. x2
Your limbs are stiffening.
Unknown command.
Unknown command.
It was a potion of degeneration.
There was something very wrong with that liquid.
You feel weakened.
You feel dopey.
You feel clumsy.
It was a potion of curing.
You feel better. The catoblepas gores you!!
* * * LOW HITPOINT WARNING * * *
You have turned to stone.
The catoblepas breathes a plume of calcifying dust at you.
The blast of calcifying dust hits you!
* * * LOW HITPOINT WARNING * * *
You are engulfed in calcifying dust.
The catoblepas gores you!
You die...

#P........................
##........................
#........................
##........................
#.........................
##........................
#....[##+##.............#.
#.....#FY............#.#..
##....Y.♣Y##.......#.....<
##....#♣..§#.....##.......
#......#...##....#....[##.
##......#............#. ..
#......#..... ....##....
#........#... .... .....
#..?......#.♣.. ♣. .....
##.......##...... ......
...>...## #.. .


You could see a catoblepas and a cane toad (petrified).

Vanquished Creatures
  A death yak (D:8)
  A two-headed ogre (D:6)
  Pikel (D:7)
  2 black mambas (Lair:1)
  2 kobold demonologists (D:7)
  2 komodo dragons (Lair:1)
  A polar bear (Lair:2)
  Sigmund (D:3)
  5 yaks (Lair:1)
  A wyvern (D:8)
  Eustachio (D:4)
  5 basilisks
  5 water moccasins
  2 ice beasts (D:6)
  2 black bears
  2 lemures (D:7)
  2 phantoms
  3 wolves (Lair:1)
  A centaur (D:6)
  5 bullfrogs
  6 kobold brigands
  3 scorpions (D:6)
  3 wights
  3 killer bees (D:8)
  7 howler monkeys
  2 orc priests
  8 hounds
  2 jellies
  2 sleepcaps
  Terence (D:2)
  Ijyb (D:3)
  4 iguanas
  7 orc wizards
  3 gnolls
  10 adders
  3 worms
  2 dart slugs
  21 orcs
  4 bats
  9 endoplasms
  3 giant cockroaches
  10 goblins
  9 hobgoblins
  4 jackals (D:1)
  23 kobolds
  3 quokkas
  6 ball pythons
  3 frilled lizards
  4 rats
211 creatures vanquished.

Vanquished Creatures (collateral kills)
  An orc (D:8)
1 creature vanquished.

Vanquished Creatures (others)
  4 plants
4 creatures vanquished.

Grand Total: 216 creatures vanquished

Notes
Turn   | Place    | Note
-------+----------+-------------------------------------------
     0 | D:1      | erloom the Draconian Transmuter began the quest for the
                  | Orb.
     0 | D:1      | Reached XP level 1. HP: 16/16 MP: 3/3
   136 | D:1      | Reached XP level 2. HP: 23/23 MP: 5/5
   284 | D:1      | Reached skill level 4 in Unarmed Combat
   419 | D:1      | Reached XP level 3. HP: 28/28 MP: 6/6
  1048 | D:2      | Noticed Terence
  1073 | D:2      | HP: 2/42 [Terence/+0 short sword of protection (5)]
  1078 | D:2      | Killed Terence
  1079 | D:2      | Reached skill level 5 in Unarmed Combat
  1079 | D:2      | Reached XP level 4. HP: 5/35 MP: 7/7
  1611 | D:2      | Found Qyolliu's Weapon Shop.
  1764 | D:3      | Reached XP level 5. HP: 38/40 MP: 5/8
  1783 | D:3      | Reached skill level 6 in Unarmed Combat
  1792 | D:3      | Learned a level 3 spell: Spider Form
  1822 | D:3      | Found a radiant altar of Vehumet.
  1858 | D:3      | Found a hazy altar of Hepliaklqana.
  2012 | D:3      | Noticed Sigmund
  2019 | D:3      | Noticed Ijyb
  2100 | D:3      | Killed Sigmund
  2101 | D:3      | Reached skill level 1 in Poison Magic
  2101 | D:3      | Reached XP level 6. HP: 26/47 MP: 5/9
  2256 | D:3      | Killed Ijyb
  2621 | D:4      | Noticed Eustachio
  2837 | D:4      | Killed Eustachio
  2838 | D:4      | Your scales start taking on a lurid green colour.
  2838 | D:4      | Reached XP level 7. HP: 35/52 MP: 6/12
  2838 | D:4      | Gained mutation: Your system is resistant to poisons.
                  | (rPois) [Green Draconian growth]
  3701 | D:5      | Entered Level 5 of the Dungeon
  3738 | D:5      | Found a shimmering blue altar of Sif Muna.
  3977 | D:5      | Reached skill level 5 in Transmutations
  4291 | D:5      | Found a sacrificial altar of Ru.
  4697 | D:6      | You fall into a shaft and drop 1 floor!
  4836 | D:7      | Reached XP level 8. HP: 61/61 MP: 14/14
  5469 | D:7      | Reached skill level 7 in Unarmed Combat
  5804 | D:6      | Noticed a two-headed ogre
  5841 | D:6      | Killed a two-headed ogre
  5842 | D:6      | Reached skill level 8 in Unarmed Combat
  5842 | D:6      | Reached XP level 9. HP: 60/69 MP: 10/15
  5865 | D:6      | Learned a level 4 spell: Ice Form
  6050 | D:6      | Reached skill level 1 in Ice Magic
  6312 | D:6      | Identified the staff of death "Zad Dog" {*Corrode rC++ rN+}
  6733 | D:7      | Found a staircase to the Ecumenical Temple.
  6763 | Temple   | Entered the Ecumenical Temple
  6794 | Temple   | Became a worshipper of Makhleb the Destroyer
  6965 | D:7      | Found the +7 Throatcutter {drain, coup de grace}
  6965 | D:7      | Noticed a kobold demonologist
  6965 | D:7      | Noticed a kobold demonologist
  6975 | D:7      | Killed a kobold demonologist
  6976 | D:7      | Reached skill level 9 in Unarmed Combat
  6976 | D:7      | Reached skill level 1 in Invocations
  7052 | D:7      | Noticed an ice devil
  7072 | D:7      | Killed a kobold demonologist
  7163 | D:7      | Noticed Pikel
  7185 | D:7      | Killed Pikel
  7186 | D:7      | Reached XP level 10. HP: 80/80 MP: 17/17
  7382 | D:7      | Found a blossoming altar of Fedhas.
  7382 | D:7      | Found a hide-covered altar of Uskayaw.
  7675 | D:8      | Reached * piety under Makhleb
  7701 | D:8      | Noticed a death yak
  7990 | D:8      | Reached skill level 5 in Spellcasting
  8235 | D:8      | Killed a death yak
  8236 | D:8      | Reached skill level 5 in Fighting
  8236 | D:8      | Reached skill level 1 in Evocations
  8307 | D:8      | Identified the +4 leather armour of Defence {rF+}
  8449 | D:8      | Found a staircase to the Lair.
  8578 | Lair:1   | Entered Level 1 of the Lair of Beasts
  8680 | Lair:1   | Noticed a black mamba
  8691 | Lair:1   | Killed a black mamba
  8917 | Lair:1   | Reached skill level 5 in Dodging
  9139 | Lair:1   | Reached skill level 10 in Unarmed Combat
  9551 | Lair:1   | Noticed a black mamba
  9557 | Lair:1   | Killed a black mamba
  9558 | Lair:1   | Reached XP level 11. HP: 86/86 MP: 12/18
 10480 | Lair:2   | Noticed a catoblepas
 10498 | Lair:2   | HP: 3/103 [catoblepas/blast of calcifying dust (4)]
 10499 | Lair:2   | Slain by a catoblepas

Illustrated notes

Levels and vault maps discovered:
D:1:      tarquinn_simple_flora_water_b, layout_loops_ring
D:2:      layout_rooms, serial_shops, nicolae_shop_crystal,
          chequers_serial_rivers_small_a, dk_noncrumbling_2, uniq_terence
D:3:      layout_rooms, mainiacjoe_overflow_alcove_1, fiery_altar_vehumet,
          nicolae_half_adder, uniq_ijyb, uniq_sigmund
D:4:      layout_loops_ring, serial_rivers, chequers_serial_rivers_marsh,
          chequers_serial_rivers_large_a, chequers_serial_rivers_large_b,
          chequers_serial_rivers_micro_b, uniq_eustachio
D:5:      cheibrodos_thug_alley, layout_basic, old_standard_altar,
          nicolae_sif_muna_condensation, corexii_checkpoint_b
D:6:      minmay_thick_lines, layout_loops_ring,
          amcnicky_mini_rare_corridor_liquid, minmay_circle_x
D:7:      layout_loops_ring, gammafunk_temple_overflow_elements,
          minmay_temple_entry_gardened_gates, grunt_ministairs_6,
          dilly_guarded_unrand_throatcut, uniq_pikel
D:8:      layout_rooms, david_lair_generic
Temple:   nicolae_temple_god_jail
Lair:1:   layout_regular_city
Lair:2:   statuecave_lemuel, layout_long_grid, shoals_dummy_entry,
          guppyfry_snake_entry_garden, grunt_megastairs_4, lemuel_fruit_tree,
          lemuel_fruit_fields

Skill      XL: |  1  2  3  4  5  6  7  8  9 10 |
---------------+-------------------------------+-----
Unarmed Combat | 4 5 6 8 9 10 | 10.0
Poison Magic   | 1 3 4 |  4.0
Transmutations | 3 5 6 7 8 |  8.3
Spellcasting   | 3 4 5 |  5.4
Dodging        | 2 3 4 5 |  5.0
Fighting       | 2 3 4 5 |  5.0
Ice Magic      | 2 4 |  4.6
Invocations    | 2 4 |  4.8
Evocations     | 4 |  4.0

Action                     |  1- 3 |  4- 6 |  7- 9 | 10-12 || total
---------------------------+-------+-------+-------+-------++-------
  Melee: Unarmed           |   144 |   182 |   411 |   244 ||   981
         Tailslap          |    23 |     7 |    52 |    15 ||    97
         Punch             |     4 |     2 |    20 |     9 ||    35
         Headbutt          |     2 |    11 |    10 |       ||    23
         Kick              |       |    18 |    20 |       ||    38
   Cast: Beastly Appendage |     1 |    10 |    11 |       ||    22
         Spider Form       |       |     2 |     6 |     6 ||    14
         Ice Form          |       |       |       |    10 ||    10
Ability: Breathe Noxious F |       |       |    14 |     5 ||    19
  Evoke: Wand              |       |       |       |     1 ||     1
    Use: Potion            |     1 |       |       |     5 ||     6
   Stab: Sleeping          |       |     1 |     3 |     1 ||     5
         Confused          |       |       |    10 |     5 ||    15
 Armour: Skin              |    50 |    49 |   101 |    53 ||   253
  Dodge: Dodged            |    64 |    96 |   219 |   116 ||   495
